 Dungeon Crawl Stone Soup version 0.31.0 (webtiles) character file.

Game seed: 17209930695351013485

40026 Destapler the Grappler (level 13, -3/128 HPs)
             Began as a Troll Shapeshifter on Jan 19, 2024.
             Was a High Priest of the Shining One.
             Slain by an eight-headed hydra (9 damage)
             ... on level 3 of the Lair of Beasts.
             The game lasted 00:45:44 (14272 turns).

Destapler the Grappler (Troll Shapeshifter)        Turns: 14272, Time: 00:45:44

Health: -3/128     AC: 13    Str: 29    XL:     13   Next: 72%
Magic:  16/18      EV: 11    Int:  6    God:    the Shining One [*****.]
Gold:   915        SH: 14    Dex:  9    Spells: 12/12 levels left

rFire   . . .        b - +2 club (spect)
rCold   . . .        (no shield)
rNeg    + + .        F - +0 steam dragon scales
rPois   +            P - +2 hat
rElec   .            s - +2 cloak {Will+}
rCorr   .            (gloves unavailable)
SInv    +            (boots unavailable)
Will    +....        i - amulet of reflection
Stlth   +            C - ring of poison resistance
HPRegen 1.21/turn    u - ring of see invisible
MPRegen 0.16/turn

%: reflection
@: divinely shielded, glowing
A: large, unfitting armour, claws 3, regeneration 1, shaggy fur 1, tough skin 1
a: Renounce Religion, Divine Shield, Cleansing Flame, Summon Divine Warrior


You were on level 3 of the Lair of Beasts.
You worshipped the Shining One.
The Shining One was extremely pleased with you.
You visited 2 branches of the dungeon, and saw 16 of its levels.
You also visited: Ossuary.

You collected 915 gold pieces.

Inventory:

Hand Weapons
 b - a +2 spectral club (weapon)
Missiles
 l - 2 large rocks
 o - 6 curare-tipped darts
 v - 4 boomerangs
Armour
 s - a +2 cloak of willpower (worn)
 F - +0 steam dragon scales (worn)
 N - a +2 robe of cold resistance
 P - a +2 hat (worn)
Jewellery
 i - an amulet of reflection (around neck)
 u - a ring of see invisible (right claw)
 C - a ring of poison resistance (left claw)
 L - an amulet of regeneration
Talismans
 c - a beast talisman
 d - a flux talisman
Wands
 m - a wand of paralysis (22) (quivered)
 r - a wand of polymorph (15)
 K - a wand of iceblast (10)
 M - a wand of mindburst (6)
 O - a wand of acid (6)
Scrolls
 a - 7 scrolls of identify
 e - 10 scrolls of teleportation
 f - a scroll of blinking
 j - a scroll of immolation
 k - a scroll of fear
 n - 3 scrolls of poison
 y - a scroll of fog
 z - a scroll of acquirement {unknown}
 J - a scroll of butterflies
 Q - a scroll of silence
Potions
 g - 2 potions of cancellation
 p - a potion of ambrosia
 t - 2 potions of resistance
 w - 4 potions of mutation
 A - 5 potions of might
 B - 4 potions of enlightenment
 D - 4 potions of attraction
 E - a potion of haste
 G - 2 potions of curing


   Skills:
 + Level 8.6 Fighting
 + Level 8.7 Maces & Flails
 - Level 4.0 Throwing
 - Level 4.0 Armour
 - Level 6.0 Dodging
 + Level 12.7 Unarmed Combat
 + Level 8.7 Invocations
 - Level 3.0 Evocations
 - Level 7.0 Shapeshifting


You had 12 spell levels left.
You didn't know any spells.
Your spell library contained the following spells:

 Spells                   Type           Power      Damage    Failure   Level
 Summon Small Mammal      Summ           0%         N/A       45%         1
 Call Imp                 Summ           0%         N/A       58%         2
 Jinxbite                 Hex            0%         N/A       58%         2
 Lesser Beckoning         Tloc           0%         N/A       58%         2
 Call Canine Familiar     Summ           0%         N/A       83%         3
 Dazzling Flash           Conj/Hex       0%         N/A       83%         3
 Frozen Ramparts          Ice            0%         1d1       83%         3
 Gell's Gravitas          Tloc           0%         N/A       83%         3
 Summon Ice Beast         Ice/Summ       0%         N/A       83%         3
 Teleport Other           Tloc           0%         N/A       83%         3
 Tukima's Dance           Hex            0%         N/A       83%         3
 Volatile Blastmotes      Fire/Tloc      0%         2d10      83%         3
 Ignite Poison            Fire/Alch      0%         N/A       99%         4
 Passage of Golubria      Tloc           0%         N/A       99%         4
 Sticky Flame             Fire/Alch      0%         2d4       99%         4
 Summon Blazeheart Golem  Fire/Summ      0%         N/A       99%         4
 Silence                  Hex/Air        0%         N/A       100%        5
 Yara's Violent Unravell  Hex/Alch       0%         3d3       100%        5
 Starburst                Conj/Fire      0%         6d3       100%        6
 Enfeeble                 Hex            0%         N/A       100%        7
 Malign Gateway           Summ/Tloc      0%         N/A       100%        7
 Spellforged Servitor     Conj/Summ      0%         N/A       100%        7
 Ignition                 Fire           0%         3d3       100%        8
 Lehudib's Crystal Spear  Conj/Erth      0%         10d2      100%        8
 Maxwell's Capacitive Co  Air            0%         ∞         100%        8
 Summon Horrible Things   Summ           0%         N/A       100%        8


Dungeon Overview and Level Annotations

Branches:
Dungeon (11/15)            Temple (0/1) D:7            Lair (5/5) D:11
  Swamp (0/4) Lair:3       Spider (0/4) Lair:3        Slime (0/5) Lair:4
    Orc (0/2) D:10        Ossuary (visited)

Altars:
Ashenzari
Dithmenos
Elyvilon
Gozag
Nemelex Xobeh
Trog
Uskayaw
Vehumet
Xom
Yredelemnul
The Shining One
Jiyva

Shops:
D:2 [   D:9 :   D:10 [

Portals:
Trove: D:11 (show abyssal rune of Zot)


Innate Abilities, Weirdness & Mutations

You are too large for most types of armour.
You have claws for hands.
Your natural rate of healing is unusually fast.
You are covered in fur. (AC +1)
You have tough skin. (AC +1)


Message History

You hit the eight-headed hydra but do no damage.
The eight-headed hydra is heavily wounded.
Your +2 spectral club hits the eight-headed hydra!
The eight-headed hydra bites your +2 spectral club but does no damage.
The eight-headed hydra barely misses your +2 spectral club. x3
The eight-headed hydra bites your +2 spectral club.
Your spectral weapon shares its damage with you!
* * * LOW HITPOINT WARNING * * *
The eight-headed hydra bites your +2 spectral club!
Your spectral weapon shares its damage with you!
* * * LOW HITPOINT WARNING * * *
The eight-headed hydra bites your +2 spectral club!
Your spectral weapon shares its damage with you!
* * * LOW HITPOINT WARNING * * *
The eight-headed hydra bites your +2 spectral club!
Your spectral weapon shares its damage with you!
Your +2 spectral club disappears.
* * * LOW HITPOINT WARNING * * *
You sock the eight-headed hydra!
The eight-headed hydra is severely wounded.
Your +2 spectral club hits the eight-headed hydra!
You block the eight-headed hydra's attack.
The eight-headed hydra bites you.
* * * LOW HITPOINT WARNING * * *
The eight-headed hydra barely misses you. x2
The eight-headed hydra bites you!
* * * LOW HITPOINT WARNING * * *
The eight-headed hydra bites you.
* * * LOW HITPOINT WARNING * * *
The eight-headed hydra bites you.
* * * LOW HITPOINT WARNING * * *
The eight-headed hydra completely misses you.
You hit the eight-headed hydra.
The eight-headed hydra is almost dead.
Your +2 spectral club hits the eight-headed hydra.
The eight-headed hydra bites you.
* * * LOW HITPOINT WARNING * * *
The eight-headed hydra closely misses you.
The eight-headed hydra bites you!
You die...

..#.#.####.......###P###...####.#
...#....###.....###...###..##....
....#...###......##....#P..##....
..###P.#.##^..........###...##...
..###...###......#.#### #..######
...##P..#.#......#### ###..######
.................##.###.#...##...
................(................
..............<.@D...............
..#..#.........##.#.####.........
...####.##P#...###.##.#......P#..
..##.#..####....#............####
..P##.....#..................# ##
..P##.....#............##....###.
...#......##...........#.........
..##.P#..###...P.......#.....P##.
..P#####.###...#P.......#....####


You could see an eight-headed hydra and a friendly +2 spectral club.

Vanquished Creatures
  Fannar (Lair:1)
  Erolcha (D:10)
  A catoblepas (Lair:2)
  3 boulder beetles (D:10)
  A two-headed ogre (D:8)
  Amaemon (Lair:1)
  A harpy (shapeshifter) (D:10)
  A lindwurm (Lair:3)
  A cyclops (D:11)
  5 black mambas
  2 gargoyles
  Jeremiah (Lair:1)
  6 cane toads
  An efreet (D:10)
  A rime drake (Lair:1)
  An unseen horror (D:10)
  3 komodo dragons
  A guardian mummy (D:11)
  A polar bear (Lair:3)
  A tengu conjurer (D:10)
  A troll (D:10)
  2 hornets
  22 blink frogs
  Prince Ribbit (D:9)
  5 dream sheep (Lair:3)
  2 vampires
  2 jumping spiders (Lair:3)
  2 shadows (D:10)
  36 yaks
  2 wraiths (D:11)
  A basilisk (Lair:2)
  2 redbacks (Lair:3)
  A vampire mosquito (D:10)
  Grum (Lair:1)
  A steam dragon (D:7)
  An acid dragon (D:10)
  12 water moccasins
  2 ice beasts
  A sky beast (D:7)
  8 orc warriors
  2 ogres
  2 black bears
  14 wolves
  11 centaurs
  4 kobold brigands
  16 bullfrogs
  5 gnoll sergeants
  22 wights
  4 scorpions
  A burial acolyte (Ossuary)
  3 howler monkeys
  12 killer bees
  2 electric eels
  4 hounds
  5 jellies
  2 gnoll boudas
  8 orc priests
  Crazy Yiuf (D:2)
  3 sleepcaps
  4 iguanas
  14 orc wizards
  Robin (D:2)
  16 gnolls
  8 adders
  3 white imps
  4 ufetubi
  2 adder skeletons (Ossuary)
  4 dart slugs
  3 ribbon worms
  34 orcs
  4 bats
  7 endoplasms
  4 giant cockroaches
  11 hobgoblins
  3 jackals (D:3)
  5 quokkas
  7 ball pythons
  3 ball python skeletons (Ossuary)
  6 frilled lizards
  19 goblins
  A goblin zombie (D:5)
  2 hobgoblin skeletons (Ossuary)
  3 hobgoblin zombies (D:5)
  22 kobolds
  2 kobold skeletons (D:5)
  A kobold zombie (D:5)
  2 orc skeletons
  5 rats
460 creatures vanquished.

Vanquished Creatures (collateral kills)
  Gastronok (Lair:2)
  A boulder beetle (Lair:3)
  2 hydras
  An orange demon (Lair:1)
  An unseen horror (D:10)
  A cane toad (Lair:2)
  2 blink frogs (Lair:4)
  2 water moccasins (Lair:1)
  An orc warrior (D:10)
  A bullfrog (Lair:3)
  2 iguanas (Lair:3)
15 creatures vanquished.

Vanquished Creatures (others)
  Nessos (Lair:4)
  A spectral weapon (Lair:3)
2 creatures vanquished.

Grand Total: 477 creatures vanquished

Notes
Turn   | Place    | Note
-------+----------+-------------------------------------------
     0 | D:1      | Destapler the Troll Shapeshifter began the quest for the
                  | Orb.
     0 | D:1      | Reached XP level 1. HP: 18/18 MP: 0/0
   134 | D:1      | Reached skill level 1 in Fighting
   153 | D:1      | Reached XP level 2. HP: 27/27 MP: 1/1
   259 | D:1      | Found a faded altar of an unknown god.
   328 | D:1      | Prayed at the altar of an unknown god.
   328 | D:1      | Became a worshipper of the Shining One
   328 | D:1      | Reached * piety under the Shining One
   861 | D:2      | Found Lysokk's Antique Armour Emporium.
  1019 | D:2      | Reached XP level 3. HP: 33/33 MP: 2/2
  1435 | D:2      | Noticed Robin
  1450 | D:2      | Killed Robin
  1815 | D:2      | Reached skill level 1 in Invocations
  1956 | D:2      | Found a runed translucent door.
  1957 | D:2      | Noticed Crazy Yiuf
  1975 | D:2      | Killed Crazy Yiuf
  1976 | D:2      | Reached XP level 4. HP: 18/42 MP: 3/3
  2527 | D:3      | Reached XP level 5. HP: 48/50 MP: 5/5
  3028 | D:4      | Reached skill level 4 in Unarmed Combat
  3126 | D:4      | Reached ** piety under the Shining One
  3127 | D:4      | Reached XP level 6. HP: 55/61 MP: 6/6
  3135 | D:4      | Found a basalt altar of Yredelemnul.
  3644 | D:4      | Found a broken altar of Ashenzari.
  3949 | D:4      | Reached XP level 7. HP: 65/68 MP: 7/7
  4017 | D:4      | Reached skill level 5 in Unarmed Combat
  4091 | D:5      | Entered Level 5 of the Dungeon
  4113 | D:5      | HP: 4/105 [gnoll/+0 spear (5)]
  4130 | D:5      | Reached skill level 6 in Unarmed Combat
  4217 | D:5      | Found a glowing golden altar of the Shining One.
  4220 | D:5      | Reached *** piety under the Shining One
  4351 | D:5      | Reached XP level 8. HP: 58/78 MP: 9/9
  4360 | D:5      | Reached skill level 7 in Unarmed Combat
  4526 | D:5      | Reached skill level 8 in Unarmed Combat
  4864 | D:6      | Reached skill level 9 in Unarmed Combat
  5093 | D:6      | Got the Anthology of Torrid Obstruction
  5174 | D:6      | Found a hide-covered altar of Uskayaw.
  5197 | D:6      | Reached skill level 10 in Unarmed Combat
  5197 | D:6      | Reached XP level 9. HP: 83/84 MP: 10/10
  5242 | D:6      | Found a bloodstained altar of Trog.
  5531 | D:7      | Found a sand-covered staircase.
  5539 | Ossuary  | Entered an ossuary
  5607 | Ossuary  | Reached **** piety under the Shining One
  5917 | D:7      | Found an opulent altar of Gozag.
  5928 | D:7      | Found a staircase to the Ecumenical Temple.
  6028 | D:7      | Reached skill level 11 in Unarmed Combat
  6335 | D:7      | Reached skill level 12 in Unarmed Combat
  6557 | D:7      | Found a radiant altar of Vehumet.
  6788 | D:8      | Reached skill level 1 in Maces & Flails
  6832 | D:8      | Reached skill level 1 in Throwing
  6839 | D:8      | Identified the +1 halberd of Mutit {holy, rPois MP+9}
  6902 | D:8      | Noticed a two-headed ogre
  6932 | D:8      | Killed a two-headed ogre
  6933 | D:8      | Reached skill level 1 in Armour
  6933 | D:8      | Reached skill level 1 in Evocations
  6933 | D:8      | Reached XP level 10. HP: 73/93 MP: 7/11
  6997 | D:8      | Reached ***** piety under the Shining One
  7712 | D:9      | Found Gaavugh's Self-Improvement Boutique.
  7729 | D:9      | Identified the +0 hat of Impermeability {*Slow Dex+8
                  | Slay+2}
  7861 | D:9      | Found a sparkling altar of Nemelex Xobeh.
  7862 | D:9      | Noticed Prince Ribbit
  7876 | D:9      | Killed Prince Ribbit
  7877 | D:9      | Reached XP level 11. HP: 81/101 MP: 13/13
  7962 | D:9      | Reached skill level 5 in Fighting
  7977 | D:9      | Found a white marble altar of Elyvilon.
  8336 | D:10     | Entered Level 10 of the Dungeon
  8336 | D:10     | Noticed Erolcha
  8336 | D:10     | Found a staircase to the Orcish Mines.
  8426 | D:10     | Noticed an entropy weaver
  8427 | D:10     | an entropy weaver changed into a raiju
  8433 | D:10     | a human changed into a harpy
  8433 | D:10     | Noticed a harpy (shapeshifter)
  8437 | D:10     | Killed a harpy
  8667 | D:10     | The Shining One protects you from harm!
  8667 | D:10     | HP: 4/104 [gnoll sergeant/+1 spear of freezing (3)]
  8767 | D:10     | Reached skill level 5 in Shapeshifting
  8867 | D:10     | Reached skill level 5 in Invocations
  9002 | D:10     | Found a shimmering altar of Xom.
  9058 | D:10     | Killed Erolcha
  9059 | D:10     | Reached skill level 5 in Dodging
  9111 | D:10     | Found Hooveh's Armour Boutique.
  9157 | D:10     | Found a shadowy altar of Dithmenos.
  9248 | D:10     | Noticed a boulder beetle
  9260 | D:10     | Killed a boulder beetle
  9308 | D:10     | Noticed a boulder beetle
  9309 | D:10     | Noticed a boulder beetle
  9329 | D:10     | Killed a boulder beetle
  9347 | D:10     | Killed a boulder beetle
  9348 | D:10     | Reached XP level 12. HP: 68/114 MP: 15/15
  9399 | D:10     | Got the Catalogue of the Seven Beggars
  9598 | D:11     | Found a staircase to the Lair.
  9658 | D:11     | Found a portal to a secret trove of treasure.
  9755 | D:11     | Reached skill level 5 in Maces & Flails
 10438 | Lair:1   | Entered Level 1 of the Lair of Beasts
 10504 | Lair:1   | Noticed Jeremiah
 10513 | Lair:1   | Killed Jeremiah
 10656 | Lair:1   | Noticed Fannar
 10666 | Lair:1   | Killed Fannar
 10939 | Lair:1   | Noticed Grum
 10939 | Lair:1   | Reached ****** piety under the Shining One
 10950 | Lair:1   | Killed Grum
 10983 | Lair:1   | Noticed Amaemon
 11009 | Lair:1   | Killed Amaemon
 11527 | Lair:2   | Noticed a catoblepas
 11542 | Lair:2   | Killed a catoblepas
 11557 | Lair:2   | Reached XP level 13. HP: 85/124 MP: 17/17
 11698 | Lair:2   | Noticed Gastronok
 11713 | Lair:2   | Killed Gastronok
 12750 | Lair:3   | Found a staircase to the Swamp.
 13161 | Lair:3   | Found a hole to the Spider Nest.
 13451 | Lair:4   | Noticed Nessos
 13462 | Lair:4   | Killed Nessos
 13697 | Lair:5   | Entered Level 5 of the Lair of Beasts
 14011 | Lair:4   | Found a staircase to the Slime Pits.
 14012 | Lair:4   | Found a viscous altar of Jiyva.
 14272 | Lair:3   | HP: 6/128 [eight-headed hydra (2)]
 14272 | Lair:3   | Slain by an eight-headed hydra

Illustrated notes

Levels and vault maps discovered:
D:1:      dpeg_arrival_boxorama, layout_basic, basic_ecumenical_altar
D:2:      minmay_inner_zag, layout_basic, serial_shops, shop, uniq_robin,
          uniq_crazy_yiuf_cottage
D:3:      layout_loops_ring, serial_aquarium, aquarium_bridge_straight
          [aquarium_subvault_bridge, aquarium_subvault_wall,
          aquarium_subvault_bridge, aquarium_subvault_wall],
          aquarium_window_corner, aquarium_window_corner, aquarium_window_1,
          aquarium_window_1, aquarium_view_2c, aquarium_view_2a,
          aquarium_balcony_double_1, aquarium_pool_2, nrook_mini_backslash
D:4:      layout_loops_ring, mainiacjoe_overflow_alcove_4, lemuel_round_altar,
          nzn_random_ring
D:5:      layout_rooms, nicolae_tso_besieged_by_evil
D:6:      layout_loops_ring, mainiacjoe_overflow_surrounded_room,
          lightli_temple_of_fire, st_stairs_12, minivault_14, minivault_25
D:7:      layout_basic, mainiacjoe_overflow_big_doors,
          minmay_temple_entry_drinking_statues, nicolae_ossuary_entry_plus
D:8:      layout_loops_cross
D:9:      layout_roguey, elyvilon_altar_3, mainiacjoe_overflow_chevrons,
          nicolae_shop_self_help, uniq_prince_ribbit1
D:10:     minmay_the_grid_3x3 [minmay_the_grid_outer_diamond,
          minmay_the_grid_holed_spiral, minmay_the_grid_mess,
          minmay_the_grid_small_cups, minmay_the_grid_broken_lines,
          minmay_the_grid_minigrid_large, minmay_the_grid_diamond_grid,
          minmay_the_grid_aliased_spiral,
          minmay_the_grid_prize_shrinking_boxes], layout_rooms,
          grunt_dithmenos_shadows, kennysheep_little_box, orc_david_3,
          minmay_strange_pillars, uniq_erolcha
D:11:     layout_loops_ring, lair_entry_dummy, nicolae_trove_entry_path_of_doom
Lair:1:   layout_loops_ring, uniq_jeremiah, uniq_amaemon, uniq_grum, uniq_fannar
Lair:2:   layout_cave_pods, grunt_megastairs_4, serial_bayou_shore_a,
          serial_bayou_shore_b, serial_bayou_shore_b, uniq_gastronok
Lair:3:   layout_regular_city, minmay_swamp_entry_reptiles, spider_nest_entry_a
Lair:4:   beast_lair_carwin_large_2, layout_long_grid,
          minmay_slime_entry_oklob_open, uniq_nessos
Lair:5:   evil_forest, layout_gridlike

Skill      XL: |  1  2  3  4  5  6  7  8  9 10 11 12 13 |
---------------+----------------------------------------+-----
Fighting       | 1 2 3 4 6 7 8 |  8.6
Dodging        | 2 3 4 5 6 |  6.0
Invocations    | 1 2 3 4 5 7 8 |  8.7
Unarmed Combat | 4 6 10 12 | 12.7
Maces & Flails | 1 3 4 6 8 |  8.7
Throwing       | 1 3 4 |  4.0
Armour         | 1 2 4 |  4.0
Evocations     | 1 2 3 |  3.0
Shapeshifting  | 4 5 7 |  7.0

Action                     |  1- 3 |  4- 6 |  7- 9 | 10-12 | 13-15 || total
---------------------------+-------+-------+-------+-------+-------++-------
  Melee: Unarmed           |   101 |   116 |   296 |   541 |   161 ||  1215
         Punch             |     1 |     4 |    14 |    55 |    32 ||   106
         Club              |       |       |       |       |    62 ||    62
  Throw: Boomerang         |       |       |     7 |    14 |       ||    21
 Invoke: Divine Shield     |       |       |     3 |     2 |     3 ||     8
         Summon Divine War |       |       |       |     2 |     3 ||     5
Ability: Begin Untransform |       |     1 |       |       |       ||     1
  Evoke: Wand              |       |       |       |       |     3 ||     3
    Use: Potion            |     1 |       |     1 |     2 |     1 ||     5
         Scroll            |       |       |    17 |     6 |     6 ||    29
 Armour: Animal skin       |    48 |    59 |   162 |       |       ||   269
         Skin              |    38 |       |    12 |     2 |       ||    52
         Steam dragon scal |       |       |    36 |   400 |   231 ||   667
  Dodge: Dodged            |    28 |    42 |   137 |   243 |   149 ||   599
  Block: Other             |       |       |     1 |    97 |    59 ||   157
         Reflection        |       |       |       |     6 |     3 ||     9
   Form: Beast             |       |     1 |       |       |       ||     1
                           |       |       |     1 |       |       ||     1
